 Dungeon Crawl Stone Soup version 0.30.0 (webtiles) character file.

Game seed: 9943498633996136078

7 holocube the Stinger (level 1, 0/14 HPs)
             Began as a Draconian Venom Mage on Oct 27, 2023.
             Slain by a gnoll
             ... wielding a +0 whip
              (1 damage)
             ... on level 1 of the Dungeon.
             The game lasted 00:17:45 (610 turns).

holocube the Stinger (Draconian Venom Mage)          Turns: 610, Time: 00:17:46

Health: 0/14       AC:  4    Str: 10    XL:     1   Next: 83%
Magic:  3/3        EV: 12    Int: 15    God:
Gold:   19         SH:  0    Dex: 11    Spells: 3/4 levels left

rFire   . . .        f - +0 sling
rCold   . . .        (no shield)
rNeg    . . .        (body armour unavailable)
rPois   .            (helmet restricted)
rElec   .            (no cloak)
rCorr   +            (no gloves)
SInv    .            (no boots)
Will    .....        (no amulet)
Stlth   ++           e - ring of resist corrosion
HPRegen 0.22/turn    (no ring)
MPRegen 0.08/turn

%: no passive effects
@: no status effects
A: AC +4, unfitting armour, cold-blooded
a: no special abilities


You were on level 1 of the Dungeon.
You visited 1 branch of the dungeon, and saw 1 of its levels.

You collected 19 gold pieces.

Inventory:

Hand Weapons
 b - a +0 whip
 f - a +0 sling (weapon)
 g - a +0 whip
Missiles
 c - 3 stones
Armour
 d - a +0 leather armour
Jewellery
 e - a ring of resist corrosion (left hand)
Potions
 a - a potion of magic
 h - a potion of curing {unknown}


   Skills:
 + Level 1.7 Dodging
 + Level 1.8 Stealth
 + Level 0.4 Unarmed Combat
 + Level 2.0 Spellcasting
 + Level 1.0 Transmutations
 + Level 3.3 Poison Magic


You had 3 spell levels left.
You knew the following spells:

 Your Spells              Type           Power      Damage    Failure   Level
a - Sting                 Tmut/Pois      32%        1d4       9%          1

Your spell library contained the following spells:

 Spells                   Type           Power      Damage    Failure   Level
 Poisonous Vapours        Pois/Air       12%        N/A       17%         2
 Mephitic Cloud           Conj/Pois/Air  4%         N/A       38%         3
 Olgreb's Toxic Radiance  Pois           11%        N/A       50%         4


Dungeon Overview and Level Annotations

Branches:
Dungeon (1/15)

Altars:


Innate Abilities, Weirdness & Mutations

Your plain brown scales are hard. (AC +4)
You cannot fit into any form of body armour.
You are cold-blooded and may be slowed by cold attacks.


Message History

You see here a ring of resist corrosion.
You see here a ring of resist corrosion.
You hit the rat.
You kill the rat!
e - a ring of resist corrosion
Found a sling.
You see here a +0 sling.
f - a +0 sling
f - a +0 sling (weapon)
e - a ring of resist corrosion (left hand)
Found a whip.
Found a purple potion.
You see here a +0 whip.
g - a +0 whip A ball python comes into view.
h - a purple potion A gnoll comes into view.
It is wielding a +0 whip.
The gnoll shouts!
A kobold comes into view. It is wielding a +0 short sword.
The kobold shouts!
You shoot a sling bullet. The sling bullet hits the gnoll.
The gnoll is moderately wounded.
The gnoll hits you with a +0 whip. x2
Fire: f) +0 sling
Press: ? - help, Shift-Dir - straight line, f/p - gnoll
Aim: a gnoll, wielding a +0 whip (moderately wounded, 54% to hit)
You shoot a sling bullet.
The sling bullet closely misses the gnoll.
The gnoll hits you with a +0 whip!
Ouch! That really hurt!
* * * LOW HITPOINT WARNING * * *
You shoot a sling bullet.
The sling bullet closely misses the gnoll.
The gnoll barely misses you.
You shoot a sling bullet.
The sling bullet barely misses the gnoll.
The gnoll misses you. The gnoll hits you with a +0 whip.
* * * LOW HITPOINT WARNING * * *
The gnoll attacks as you move away! The gnoll hits you with a +0 whip.
You die...

#.# #.#
#.# #.#
#.# #.#
#.# #.#
#@# #g#
#######.##
.K.....K.#
##########


You could see a gnoll and a kobold.

Vanquished Creatures
  A dart slug (D:1)
  A bat (D:1)
  A kobold (D:1)
  A ball python (D:1)
  A rat (D:1)
5 creatures vanquished.

Notes
Turn   | Place    | Note
-------+----------+-------------------------------------------
     0 | D:1      | holocube the Draconian Venom Mage began the quest for the
                  | Orb.
     0 | D:1      | Reached XP level 1. HP: 14/14 MP: 3/3
   610 | D:1      | Slain by a gnoll

Illustrated notes

Levels and vault maps discovered:
D:1:      saegor_arrival_simple_b, layout_basic,
          hellmonk_ecumenical_altar_blasted

Action                     || total
---------------------------++-------
  Melee: Unarmed           ||     7
         Whip              ||     3
         Tailslap          ||     1
   Fire: Sling             ||     4
   Cast: Sting             ||     2
 Armour: Skin              ||     4
  Dodge: Dodged            ||     9
